 Dungeon Crawl Stone Soup version 0.14-a0-1739-g6c2808e (webtiles) character file.

420 Nicoed the Skirmisher (level 6, 0/49 HPs)
             Began as a Demonspawn Fighter on Jan 3, 2014.
             Slain by Restia's ghost (9 damage)
             ... on Level 3 of the Dungeon.
             The game lasted 00:05:21 (1380 turns).

Nicoed the Skirmisher (Demonspawn Fighter)          Turns: 1380, Time: 00:05:22

HP   0/49        AC 11     Str 18      XL: 6   Next:  3%
MP   6/6         EV  4     Int 10      God:
Gold 146         SH 17     Dex 12      Spells:  0 memorised,  5 levels left

rFire  . . .     SeeInvis .     p - +3,+2 dwarf hand axe
rCold  . . .     Clarity  .     n - +0 chain mail
rNeg   . . .     Conserve .     c - +0 shield
rPois  .         rCorr    .     (no helmet)
rElec  .         rRot     .     (no cloak)
SustAb . .       Spirit   .     f - +0 pair of elf gloves (curse)
rMut   .         Warding  .     e - +0 pair of boots
Saprov . . .     Stasis   .     (no amulet)
                                (no ring)
                                (no ring)

@: slightly resistant to hostile enchantments, extremely unstealthy
A: hooves 2, conserve scrolls, powered by pain 1
a: no special abilities


You were on level 3 of the Dungeon.
You were hungry.

You visited 1 branch of the dungeon, and saw 3 of its levels.

You collected 146 gold pieces.

Inventory:

Hand weapons
 p - a +3,+2 dwarven hand axe (weapon)
Armour
 c - a +0 shield (worn)
 e - a +0 pair of boots (worn)
 f - a cursed +0 pair of elven gloves (worn)
 n - a +0 chain mail (worn)
Magical devices
 g - a wand of cold (6)
 h - a wand of slowing (6)
Comestibles
 d - a bread ration
 i - a meat ration
 k - an apple
Potions
 a - a potion of cure mutation {unknown}
 b - 2 potions of curing
 j - a potion of magic {unknown}


   Skills:
 + Level 4.3 Fighting
 + Level 3.2 Axes
 + Level 3.5 Armour
 + Level 2.6 Dodging
 - Level 2.6 Shields


You had 5 spell levels left.
You didn't know any spells.

Dungeon Overview and Level Annotations

Branches:
Dungeon (3/16)

Altars:

Annotations:
D:3 Restia's ghost, average DsBe


Innate Abilities, Weirdness & Mutations

You have hoof-like feet.
You are very good at protecting items from fire.
You sometimes gain a little power by taking damage.


Message History

Your shield and chain mail prevent you from hitting Restia's ghost.
Your kick misses Restia's ghost.
Restia's ghost is heavily damaged.
Restia's ghost hits you.
Unknown command.
You closely miss Restia's ghost. You kick Restia's ghost.
Restia's ghost is heavily damaged.
You block Restia's ghost's attack.
Your shield and chain mail prevent you from hitting Restia's ghost.
Restia's ghost is heavily damaged.
You block Restia's ghost's attack.
Unknown command.
You closely miss Restia's ghost. Your kick misses Restia's ghost.
Restia's ghost is heavily damaged.
Restia's ghost hits you.
* * * LOW HITPOINT WARNING * * *
You slash Restia's ghost!
Restia's ghost is severely damaged.
Restia's ghost hits you!
You die...

............... ####.#...#.##.
######. #.###.#.##. ##....#.
#. #...##. '..... .# #...##.
##....###'## #...##.
#........... #...##.
#.#...p.......# ######.
#.....@.......# ###
#######.........# ...
#...............# .....
#.######........# .....
b####'### #........# ......
........# #........# #......
........####........###......
.........'.)...............##.
##..........####.............
#.


You could see Restia's ghost.

Vanquished Creatures
  Purgy (D:3)
  An orc wizard (D:3)
  Ijyb (D:2)
  Terence (D:3)
  6 adders
  A giant mite (D:1)
  2 worms
  3 orcs (D:3)
  2 ball pythons (D:3)
  5 bats
  4 hobgoblins
  5 jackals
  2 giant cockroaches (D:2)
  3 giant geckos
  3 giant newts (D:2)
  3 goblins
  6 kobolds
  4 rats
53 creatures vanquished.

Notes
Turn   | Place    | Note
--------------------------------------------------------------
     0 | D:1      | Nicoed, the Demonspawn Fighter, began the quest for the Orb.
     0 | D:1      | Reached XP level 1. HP: 18/18 MP: 1/1
   306 | D:1      | Gained mutation: You have large cloven feet. [demonic ancestry]
   306 | D:1      | Reached XP level 2. HP: 24/24 MP: 2/2
   545 | D:2      | Noticed Ijyb
   571 | D:2      | Killed Ijyb
   571 | D:2      | Reached skill level 1 in Dodging
   571 | D:2      | Gained mutation: You have hoof-like feet. [demonic ancestry]
   571 | D:2      | Reached XP level 3. HP: 29/29 MP: 3/3
   753 | D:2      | Gained mutation: You sometimes gain a little power by taking damage. [demonic ancestry]
   753 | D:2      | Reached XP level 4. HP: 19/37 MP: 4/4
  1099 | D:3      | Reached skill level 4 in Fighting
  1203 | D:3      | Reached XP level 5. HP: 40/42 MP: 5/5
  1264 | D:3      | Noticed Terence
  1276 | D:3      | Killed Terence
  1333 | D:3      | Noticed Purgy
  1352 | D:3      | Killed Purgy
  1352 | D:3      | Gained mutation: You are very good at protecting items from fire. [demonic ancestry]
  1352 | D:3      | Reached XP level 6. HP: 30/49 MP: 6/6
  1364 | D:3      | Noticed Restia's ghost (average DsBe)
  1380 | D:3      | Slain by Restia's ghost

Action                   |  1- 3 |  4- 6 || total
-------------------------+-------+-------++-------
Melee: Hand axe          |    78 |   109 ||   187
Evoke: Wand              |       |     1 ||     1
  Use: Scroll            |       |    10 ||    10
       Potion            |       |     1 ||     1
